Map: Romanticide LE

Players

Armani - Winner!

  • Race: Zerg Zerg
  • Spawn Location: 5:00

uThermal

  • Race: Terran Terran
  • Spawn Location: 11:00

Event: IEM Katowice 2021

VOD

Have the link to the VOD?

Description

Time

  • Played on: Feb. 21, 2021, 8:30 a.m.
  • Length: 16:21

All games in this series

Show
View Real Time Build Order
Export as new Build Order

Armani Zerg - Winner!

Build Orders: Hatch First, Lurkers 

Get SALT Encoding   

  12  0:01  Drone  
  13  0:13  Overlord  
  13  0:16  Drone  
  14  0:32  Drone x2  
  16  0:48  Hatchery  
  15  0:52  Drone  
  16  0:57  Drone  
  16  0:59  Drone  
  18  1:09  Extractor  
  17  1:15  Spawning Pool  
  17  1:17  Drone  
  17  1:21  Drone  
  18  1:30  Drone  
  19  1:42  Drone  
  20  1:53  Drone  
  21  2:02  Queen x2  
  21  2:03  Zergling x4  
  27  2:17  Hatchery  
  27  2:21  Overlord  
  26  2:26  Metabolic Boost  
  26  2:31  Drone  
  26  2:34  Drone  
  27  2:43  Drone x3  
  30  2:49  Queen  
  32  2:53  Drone  
  32  2:54  Drone  
  34  2:59  Overlord  
  34  3:02  Drone  
  35  3:18  Drone  
  36  3:20  Drone x3  
  36  3:21  Pneumatized Carapace  
  36  3:23  Overlord  
  36  3:25  Drone  
  40  3:27  Queen  
  40  3:34  Queen  
  42  3:36  Drone  
  42  3:38  Zergling x2  
  42  3:39  Drone  
  47  3:43  Drone x2  
  47  3:45  Drone  
  47  3:47  Drone  
  51  3:52  Drone  
  51  3:53  Drone  
  51  3:55  Drone x2  
  55  3:58  Drone x2  
  55  4:01  Overlord  
  57  4:07  Overlord  
  57  4:11  Overlord  
  57  4:18  Overlord  
  57  4:19  Queen  
  57  4:21  Drone x5  
  64  4:29  Queen  
  64  4:30  Drone x3  
  70  4:31  Drone  
  70  4:38  Spine Crawler  
  69  4:41  Drone x4, Spore Crawler  
  69  4:44  Extractor, Spore Crawler  
  70  4:49  Evolution Chamber  
  70  4:50  Evolution Chamber  
  68  4:54  Zergling x2  
  68  4:55  Zergling x8  
  68  4:58  Drone x3  
  76  5:03  Overlord  
  76  5:06  Overlord  
  76  5:13  Zergling x8  
  80  5:18  Zerg Ground Armor Level 1, Zerg Melee Weapons Level 1  
  80  5:23  Overlord  
  80  5:25  Drone x2  
  80  5:27  Drone  
  80  5:28  Drone  
  84  5:31  Drone  
  84  5:33  Drone  
  84  5:34  Drone, Lair  
  86  5:36  Overlord  
  86  5:39  Overlord  
  82  5:45  Zergling x10  
  82  5:48  Drone x2  
  83  5:51  Drone  
  84  5:59  Drone  
  84  6:02  Extractor  
  84  6:03  Drone x2  
  86  6:04  Extractor  
  86  6:05  Drone x3  
  88  6:17  Hatchery  
  87  6:19  Hatchery  
  87  6:20  Extractor  
  85  6:26  Drone x2  
  85  6:30  Drone  
  85  6:31  Zergling x20, Baneling Nest  
  97  6:34  Overlord  
  97  6:38  Zergling x2  
  96  6:50  Queen  
  97  6:54  Zergling x8  
  101  7:02  Overlord  
  101  7:04  Overlord  
  101  7:15  Centrifical Hooks, Zerg Ground Armor Level 2, Zerg Melee Weapons Level 2  
  93  7:17  Zergling x20  
  97  7:30  Baneling x3  
  97  7:31  Baneling  
  97  7:33  Zergling x18  
  97  7:34  Zergling x10  
  97  7:36  Baneling x10  
  97  7:37  Baneling x4  
  111  7:39  Drone  
  111  7:43  Zergling x8  
  116  7:49  Queen  
  118  7:51  Zergling x2  
  118  7:52  Zergling x4  
  115  8:07  Zergling x26  
  115  8:08  Zergling x2  
  129  8:17  Baneling x8  
  129  8:18  Baneling  
  129  8:19  Zergling x12  
  137  8:20  Zergling x4  
  137  8:25  Zergling x6  
  140  8:28  Overlord  
  140  8:29  Hatchery  
  140  8:31  Hydralisk Den, Drone  
  140  8:32  Overlord, Infestation Pit  
  127  8:52  Drone x8  
  127  8:53  Drone x2  
  132  8:57  Zergling x20, Extractor  
  141  9:06  Lurker Den  
  141  9:08  Drone  
  138  9:10  Hive  
  138  9:11  Drone x4, Spore Crawler  
  138  9:14  Overlord x3, Extractor  
  138  9:16  Zergling x14  
  147  9:19  Baneling  
  147  9:20  Baneling x7  
  147  9:22  Zergling x6  
  148  9:36  Zergling x28  
  162  9:40  Baneling x8  
  158  10:04  Hydralisk  
  158  10:05  Hydralisk x4  
  132  10:09  Zergling x10  
  132  10:10  Zergling x34  
  140  10:22  Seismic Spines  
  140  10:23  Adrenal Glands  
  140  10:26  Viper x3  
  148  10:35  Lurker  
  148  10:36  Lurker x3  
  148  10:39  Drone x3  
  148  10:40  Drone x4  
  148  10:41  Drone  
  160  10:43  Lurker  
  160  10:44  Extractor, Spore Crawler  
  158  10:50  Overlord x3  
  158  10:51  Zergling x18  
  158  10:52  Zergling x2  
  161  11:11  Zerg Missile Weapons Level 1, Zerg Ground Armor Level 3  
  161  11:13  Baneling x9  
  161  11:17  Zergling x20  
  170  11:22  Baneling x6  
  170  11:26  Drone  
  170  11:27  Drone x6  
  170  11:32  Adaptive Talons  
  174  11:49  Grooved Spines  
  174  12:00  Hydralisk  
  174  12:01  Hydralisk x8  
  171  12:05  Spore Crawler  
  186  12:11  Drone x2  
  186  12:14  Spore Crawler  
  180  12:21  Hydralisk x8  
  173  12:27  Zergling x2  
  173  12:28  Zergling x32  
  183  12:34  Spore Crawler x2  
  183  12:36  Drone  
  182  12:41  Lurker x4  
  185  12:45  Lurker  
  185  12:48  Zergling x28  
  199  13:00  Muscular Augments  
  199  13:07  Spore Crawler  
  199  13:11  Zerg Missile Weapons Level 2  
  198  13:15  Lurker  
  198  13:17  Lurker x2, Overlord  
  198  13:19  Baneling x3  
  199  13:23  Hatchery  
  190  13:45  Hydralisk x7  
  160  14:05  Lurker  
  160  14:06  Lurker x3  
  163  14:11  Zergling x56  
  191  14:18  Baneling x8  
  191  14:19  Drone x2  
  191  14:21  Drone x2  
  191  14:22  Spine Crawler  
  194  14:24  Spine Crawler  
  194  14:25  Overseer  
  194  14:30  Lurker x5  
  198  14:43  Zergling x2  
  198  14:44  Zergling x2  
  200  14:48  Unknown  
  200  14:51  Burrow  
  181  15:09  Spire  
  181  15:12  Hydralisk x12  
  190  15:24  Zergling x2  
  190  15:25  Zergling x20  
  195  15:38  Zergling x16  
  185  15:53  Zergling x32  
  191  16:20  Hatchery  
Show
View Real Time Build Order
Export as new Build Order

uThermal Terran 

Build Orders: Reaper Expand 

Get SALT Encoding   

  12  0:00  SCV  
  13  0:12  SCV  
  14  0:17  Supply Depot  
  14  0:25  SCV  
  15  0:39  SCV  
  15  0:40  Barracks  
  15  0:42  Refinery  
  16  0:51  SCV  
  17  1:03  SCV  
  18  1:15  SCV  
  19  1:27  Reaper, Orbital Command  
  20  1:39  Command Center  
  20  1:47  Supply Depot  
  20  1:53  SCV  
  21  1:59  Marine  
  22  2:05  SCV  
  23  2:08  Factory  
  23  2:17  SCV  
  23  2:19  Barracks Reactor  
  25  2:30  SCV  
  25  2:40  Command Center  
  25  2:42  SCV  
  26  2:51  Orbital Command  
  26  2:54  SCV  
  27  2:59  Starport  
  27  3:07  SCV  
  27  3:08  Refinery  
  28  3:13  Hellion  
  28  3:18  SCV  
  28  3:19  SCV  
  32  3:22  Hellion  
  34  3:30  SCV  
  34  3:31  SCV  
  36  3:35  Viking  
  36  3:37  Hellion  
  40  3:42  SCV  
  40  3:43  Hellion, SCV  
  44  3:53  Orbital Command  
  44  3:57  SCV  
  44  3:58  Hellion  
  44  4:00  SCV  
  47  4:04  Hellion  
  47  4:07  Liberator  
  47  4:08  Supply Depot  
  47  4:09  SCV  
  53  4:11  Barracks Tech Lab  
  53  4:12  SCV  
  54  4:19  SCV  
  54  4:20  Hellion  
  54  4:21  SCV  
  58  4:24  SCV  
  58  4:26  Hellion  
  58  4:30  Stimpack, Marine  
  58  4:31  SCV, Supply Depot  
  63  4:34  SCV  
  64  4:38  SCV  
  64  4:41  Hellion  
  64  4:42  Supply Depot, Orbital Command  
  68  4:46  SCV  
  68  4:51  SCV  
  71  4:53  Hellion  
  71  4:56  Starport Reactor  
  71  4:58  SCV  
  72  5:02  Barracks  
  72  5:03  SCV  
  72  5:04  Barracks  
  72  5:05  Supply Depot  
  73  5:09  SCV  
  73  5:10  SCV  
  73  5:11  Supply Depot  
  75  5:14  Engineering Bay  
  75  5:15  SCV, Marine, Engineering Bay  
  75  5:20  Refinery  
  75  5:21  SCV  
  78  5:22  SCV, Refinery  
  78  5:25  Factory Tech Lab  
  78  5:27  SCV  
  80  5:28  Supply Depot  
  80  5:33  SCV, Marine  
  80  5:34  SCV  
  83  5:36  Barracks  
  83  5:38  Barracks, Starport Reactor  
  83  5:39  SCV  
  84  5:45  SCV  
  84  5:48  Siege Tank  
  81  5:51  Marine  
  81  5:52  SCV  
  81  5:55  Marine x2  
  86  5:57  SCV x2  
  86  5:59  Supply Depot, Marine x2  
  86  6:01  Terran Infantry Weapons Level 1  
  86  6:02  Terran Infantry Armor Level 1  
  89  6:04  SCV  
  89  6:09  SCV  
  89  6:10  Marine  
  89  6:11  Supply Depot  
  92  6:12  SCV, Refinery  
  92  6:13  Marine  
  92  6:15  Medivac x2  
  92  6:16  Marine  
  99  6:20  SCV  
  99  6:21  SCV  
  99  6:23  Supply Depot  
  101  6:26  Barracks Reactor x2  
  101  6:28  Siege Tank  
  101  6:32  SCV  
  105  6:35  Marine, Supply Depot  
  105  6:36  Marine x4  
  105  6:37  Supply Depot  
  105  6:38  Combat Shield  
  110  6:50  Medivac  
  110  6:53  Medivac, Marine, Supply Depot  
  110  6:54  Marine x2  
  116  6:55  Marine  
  116  7:01  Marine  
  118  7:03  Barracks x3  
  118  7:04  Siege Tank  
  118  7:06  Marine  
  118  7:07  Marine x2  
  125  7:11  Marine x2  
  119  7:17  Marine  
  119  7:19  Marine  
  119  7:20  Medivac  
  119  7:21  Marine x2  
  117  7:24  Marine  
  117  7:25  Marine x2  
  117  7:29  Marine x2  
  120  7:31  Armory  
  120  7:34  Command Center  
  120  7:35  Marine  
  120  7:37  Marine  
  121  7:38  Marine  
  121  7:43  Marine x2, Siege Tank  
  128  7:48  Medivac, Supply Depot  
  128  7:50  Medivac  
  132  7:57  Marine  
  133  8:04  Marine  
  133  8:05  Marine x3  
  135  8:06  Marine x2  
  135  8:07  Marine  
  135  8:09  Marine  
  139  8:15  Siege Tank  
  139  8:18  Terran Infantry Weapons Level 2  
  142  8:21  SCV, Marine x2  
  142  8:23  Missile Turret  
  142  8:24  Terran Infantry Armor Level 2  
  145  8:30  Marine  
  145  8:31  Marine  
  145  8:32  Marine  
  145  8:33  Supply Depot x2  
  148  8:34  Marine x2  
  148  8:40  Medivac  
  148  8:41  Medivac, Marine x2  
  153  8:49  Supply Depot x2  
  153  8:50  Marine x2, Siege Tank  
  150  8:56  SCV  
  150  8:58  SCV, Marine x3  
  155  9:05  SCV  
  155  9:08  SCV, Barracks Reactor x3  
  157  9:10  SCV  
  157  9:12  Marine x3  
  157  9:13  Marine  
  162  9:25  Marine  
  162  9:26  Marine, Planetary Fortress, Siege Tank  
  162  9:27  SCV  
  168  9:36  Marine x3  
  168  9:37  Marine x2  
  173  9:39  SCV  
  173  9:41  Marine x2  
  173  9:42  Command Center  
  176  9:51  Liberator  
  176  9:52  Marine x3  
  182  9:54  Marine  
  182  9:58  Marine  
  154  10:14  Marine x3  
  127  10:15  Siege Tank  
  127  10:16  Marine  
  127  10:17  Marine x9  
  127  10:19  Marine, Liberator  
  147  10:24  Marine  
  148  10:28  Command Center  
  148  10:31  Marine  
  148  10:32  Marine x2  
  148  10:34  Liberator, Marine x2  
  148  10:35  Terran Vehicle Weapons Level 1  
  155  10:36  Factory  
  155  10:37  Factory, Marine x2  
  155  10:42  Marine x2, Refinery  
  157  10:43  Marine, Refinery  
  157  10:46  Marine  
  157  10:47  Siege Tank  
  164  10:50  Marine  
  164  10:54  Marine x2  
  167  11:01  Liberator, Marine  
  167  11:03  Marine x2  
  173  11:07  SCV  
  173  11:08  Factory, Refinery  
  173  11:09  Factory  
  173  11:10  Marine x2  
  176  11:19  Siege Tank  
  176  11:21  Marine  
  177  11:27  Missile Turret, Factory Tech Lab x2  
  177  11:31  Missile Turret  
  177  11:32  Marine x3  
  179  11:36  Planetary Fortress  
  179  11:39  SCV  
  181  11:40  Marine  
  181  11:43  Marine  
  181  11:45  Marine x4, Siege Tank  
  181  11:46  Marine x2, Missile Turret  
  181  11:47  SCV  
  184  11:51  Siege Tank  
  184  11:52  Marine  
  184  11:53  Siege Tank  
  191  12:01  Marine  
  191  12:02  Marine  
  191  12:05  Factory Tech Lab  
  191  12:07  Marine x2  
  190  12:09  Terran Infantry Weapons Level 3  
  190  12:10  Orbital Command  
  190  12:17  Siege Tank  
  164  12:22  Marine  
  164  12:23  Marine, Siege Tank  
  160  12:30  Siege Tank  
  160  12:32  Siege Tank, Factory Tech Lab  
  160  12:35  SCV, Marine x2, Unknown  
  160  12:36  Marine x2  
  168  12:40  Marine x2  
  170  12:44  SCV  
  170  12:45  Terran Vehicle Weapons Level 2  
  170  12:46  Marine x2  
  170  12:47  SCV  
  170  12:48  SCV x2  
  170  12:49  Siege Tank  
  170  12:51  Marine  
  180  12:54  Siege Tank  
  180  12:55  SCV, Siege Tank  
  187  12:59  Marine x2  
  187  13:00  Marine  
  187  13:02  Siege Tank  
  193  13:06  Siege Tank  
  196  13:13  Marine x2  
  198  13:23  Command Center  
  198  13:24  Sensor Tower  
  198  13:27  Terran Infantry Armor Level 3  
  198  13:28  Command Center  
  198  13:33  Armory  
  148  14:04  Marine x2, Siege Tank  
  148  14:05  Marine x13, Liberator x2  
  148  14:07  Siege Tank x4  
  148  14:09  SCV  
  179  14:22  Terran Vehicle And Ship Armor Level 1, Marine x2  
  179  14:23  Marine x2  
  183  14:32  SCV  
  183  14:36  Siege Tank  
  183  14:37  Orbital Command  
  187  14:39  Siege Tank x3, Missile Turret  
  187  14:40  Marine x2  
  187  14:45  Marine x2  
  198  14:51  Orbital Command  
  200  14:57  Marine  
  189  15:00  Marine  
  189  15:03  Siege Tank  
  190  15:08  Siege Tank  
  190  15:10  Marine x2  
  190  15:11  Siege Tank  
  190  15:13  Siege Tank  
  190  15:22  Siege Tank  
  191  15:35  Siege Tank  
  166  15:52  Marine  
  166  15:53  Marine x2  

Tags
 
Add a new tag
Caveats
  • Supply blocks, unpowered buildings, or Contaminate may cause inaccurate times.
  • Supply counts are checked every 10 seconds.